Map: Void Training Stage 3

Players

Glow - Winner!

  • Race: Zerg Zerg
  • Spawn Location: 12:00

Player 2

  • Race: Zerg Zerg
  • Spawn Location: 6:00

VOD

Have the link to the VOD?

Description

Time

  • Played on: Dec. 11, 2017, 10:08 p.m.
  • Length: 5:52
Show
View Real Time Build Order
Export as new Build Order

Glow Zerg - Winner!

Build Orders: Pool First 

Get SALT Encoding   

  12  0:04  Drone  
  13  0:09  Drone  
  14  0:18  Overlord  
  14  0:30  Drone, Extractor  
  14  0:36  Drone  
  14  0:40  Extractor  
  14  0:47  Spawning Pool  
  13  0:55  Drone  
  13  0:56  Drone  
  16  1:04  Drone  
  16  1:11  Drone  
  17  1:21  Drone  
  18  1:33  Lair  
  18  1:41  Overlord  
  18  1:46  Drone  
  19  1:52  Drone  
  20  2:03  Drone  
  21  2:24  Hatchery  
  20  2:38  Spire  
  20  2:41  Drone  
  20  2:49  Drone x2  
  22  2:54  Drone  
  23  3:04  Drone  
  24  3:09  Queen  
  26  3:16  Overlord  
  26  3:47  Overlord  
  26  3:50  Queen  
  28  4:12  Mutalisk  
  28  4:13  Mutalisk x5  
  40  4:19  Mutalisk  
  42  4:24  Mutalisk  
  44  4:41  Mutalisk  
  44  4:44  Extractor  
  45  4:46  Drone  
  45  4:47  Drone x3  
  45  4:48  Extractor  
  48  5:04  Overlord  
  48  5:07  Drone x2  
  48  5:08  Drone x2  
  58  5:43  Spine Crawler  
Show
View Real Time Build Order
Export as new Build Order

Player 2 Zerg 

Build Orders: Pool Only 

Get SALT Encoding   

  12  0:00  Drone  
  13  0:12  Overlord  
  13  0:18  Drone  
  14  0:31  Drone  
  14  0:33  Drone  
  16  0:42  Spawning Pool  
  15  0:45  Drone  
  15  0:49  Drone  
  17  0:51  Extractor  
  17  0:56  Drone  
  17  1:06  Overlord  
  17  1:30  Queen  
  17  1:31  Zergling x2  
  20  1:37  Zergling x2, Roach Warren  
  20  1:38  Drone  
  20  1:39  Extractor  
  20  1:49  Drone  
  21  1:55  Baneling Nest  
  21  2:00  Drone  
  21  2:11  Drone  
  22  2:21  Zergling x2  
  23  2:32  Zergling x2  
  23  2:37  Overlord  
  24  2:38  Zergling x2  
  24  2:43  Zergling x2  
  26  2:49  Zergling x2  
  27  2:55  Zergling x2  
  28  3:01  Baneling x3  
  29  3:05  Zergling x2  
  29  3:11  Zergling x2, Overlord  
  30  3:17  Zergling x2  
  31  3:23  Baneling x3, Zergling x2  
  32  3:30  Zergling x2  
  33  3:35  Evolution Chamber  
  33  3:41  Drone  
  33  3:43  Drone  
  33  3:46  Drone  
  35  3:49  Drone  
  35  3:54  Drone  
  37  4:05  Drone  
  38  4:13  Drone  
  39  5:23  Drone  
  39  5:26  Zergling x2, Drone  
  39  5:27  Overlord  
  36  5:29  Drone  
  36  5:32  Baneling, Drone  
  36  5:35  Drone  
  31  5:38  Drone  
Tags
 
Add a new tag
Caveats
  • Supply blocks, unpowered buildings, or Contaminate may cause inaccurate times.
  • Supply counts are checked every 10 seconds.